 Dungeon Crawl Stone Soup version 0.20-a0-673-g53087c7 (webtiles) character file.

150 M4edhros the Sneak (level 5, -7/49 HPs)
             Began as an Octopode Artificer on Feb 17, 2017.
             Mangled by an orc wizard
             ... wielding a +0 dagger of electrocution
              (19 damage)
             ... on level 5 of the Dungeon.
             The game lasted 00:02:41 (1982 turns).

M4edhros the Sneak (Octopode Artificer)             Turns: 1982, Time: 00:02:42

Health: -7/49      AC: 22    Str: 12    XL:     5   Next: 32%
Magic:  7/7        EV:  2    Int: 13    God:
Gold:   141        SH:  0    Dex: 13    Spells: 4/4 levels left

rFire    . . .     SeeInvis .   a - +0 short sword
rCold    . . .     Gourm    .   (no shield)
rNeg     + + +     Faith    .   (helmet currently unavailable)
rPois    +         Spirit   .   (no amulet)
rElec    .         Reflect  .   (no ring)
rCorr    .         Harm     .   (no ring)
MR       .....     NoTele   +   (no ring)
Stlth    +.........             (no ring)
Regen    0.2/turn               (no ring)
MPRegen  0.1/turn               (no ring)
                                (no ring)
                                (no ring)

@: confused, tree-form
A: almost no armour, stealthy swim, (amphibious), 8 rings, (constrict 8),
(camouflage 0), (gelatinous body 0)
a: no special abilities


You were on level 5 of the Dungeon.
You were not hungry.
You were a tree.
You visited 1 branch of the dungeon, and saw 5 of its levels.

You collected 141 gold pieces.

Inventory:

Hand Weapons
 a - a +0 short sword (weapon)
 q - a +1 hand axe of chopping
 t - a +1 war axe of chopping
Wands
 b - a wand of flame (9/48)
 c - a wand of enslavement (14/24)
 d - a wand of random effects (15/48)
Scrolls
 e - 4 scrolls of teleportation
 h - a scroll of remove curse
 i - a scroll of noise {unknown}
 j - a scroll of immolation {unknown}
 p - a scroll of amnesia {unknown}
 u - a scroll of fog {unknown}
Potions
 g - a potion of mutation {unknown}
 l - a potion of lignification
 m - a potion of degeneration {unknown}
 r - a potion of berserk rage {unknown}
 s - a potion of curing {unknown}
Books
 n - the Incunabulum of Dark Arts and Dislocation
   (You found it on level 4 of the Dungeon)

   Spells                             Type                      Level
   a - Animate Skeleton               Necromancy                   1
   b - Pain                           Necromancy                   1
   c - Sublimation of Blood           Necromancy                   2
   d - Bolt of Draining               Conjuration/Necromancy       5
   e - Cigotuvi's Embrace             Necromancy                   5
   f - Dispersal                      Translocation                6
Comestibles
 f - 2 bread rations
 k - 2 meat rations
 o - 8 fruits


   Skills:
 - Level 1.0 Fighting
 - Level 1.0 Short Blades
 - Level 2.0 Dodging
 + Level 7.2 Stealth
 - Level 3.2 Evocations


You had 4 spell levels left.
You didn't know any spells.

Dungeon Overview and Level Annotations

Branches:
Dungeon (5/15)
 Temple: D:4-7

Altars:
Ru
Trog
Uskayaw
Vehumet
Yredelemnul

Annotations:
D:4 M4edhros's ghost, amateur OpAr


Innate Abilities, Weirdness & Mutations

You cannot wear most types of armour.
You are very stealthy in the water. (Stealth+)
((You are amphibious.))
You can wear up to eight rings at the same time.
((You can use your tentacles to constrict eight enemies at once.))
((Your skin changes colour to match your surroundings (Stealth+).))
((Your rubbery body absorbs attacks. (AC +1, EV +1)))


Message History

You constrict the orc priest, but do no damage.
The orc priest invokes the aid of Beogh against you.
Beogh smites you!
You hit the orc wizard. You grab the orc wizard.
The orc wizard is lightly wounded.
You constrict the orc priest.
You constrict the orc wizard, but do no damage.
The orc wizard escapes!
The orc priest hits you with a short sword.
The orc wizard gestures at you while chanting.
You are confused.
The orc priest hits you with a short sword.
* * * LOW HITPOINT WARNING * * *
The orc wizard hits you with a dagger of electrocution.
* * * LOW HITPOINT WARNING * * *
It was a potion of lignification.
You turn into a tree.
Your roots penetrate the ground.
You lose your grip on the orc priest.
The orc wizard hits you but does no damage.
You are electrocuted!
You die...

.# .# .# ##.# #
#.. #.# #.###o..#
##.#oo.# ###..♣o#
#....o## #
##.).### .##
##...## #.# ..
#....#
#..##.##.#.##
.##.##.#..#.####
................#
##.##..###.###.#


You could see an orc priest, 2 orc wizards and 2 orcs.

Vanquished Creatures
  An ogre (D:5)
  An orc wizard (D:4)
  An adder (D:5)
  A leopard gecko (D:2)
  3 orcs
  2 ball pythons
  2 goblins
  4 jackals (D:2)
  A quokka (D:2)
  8 bats
  4 rats
28 creatures vanquished.

Vanquished Creatures (collateral kills)
  A goblin (D:2)
1 creature vanquished.

Grand Total: 29 creatures vanquished

Notes
Turn   | Place    | Note
-------+----------+-------------------------------------------
     0 | D:1      | M4edhros the Octopode Artificer began the quest for the Orb.
     0 | D:1      | Reached XP level 1. HP: 13/13 MP: 3/3
   199 | D:1      | Reached skill level 2 in Stealth
   331 | D:1      | Reached XP level 2. HP: 17/18 MP: 4/4
   486 | D:2      | Reached skill level 3 in Stealth
   800 | D:2      | Found a radiant altar of Vehumet.
  1145 | D:3      | Reached skill level 4 in Stealth
  1163 | D:3      | Reached XP level 3. HP: 23/23 MP: 5/5
  1269 | D:4      | Identified the Incunabulum of Dark Arts and Dislocation
  1364 | D:4      | Found a sacrificial altar of Ru.
  1424 | D:4      | Found a hide-covered altar of Uskayaw.
  1546 | D:4      | Found a bloodstained altar of Trog.
  1613 | D:4      | Found a basalt altar of Yredelemnul.
  1752 | D:4      | Reached skill level 5 in Stealth
  1752 | D:4      | Reached XP level 4. HP: 24/28 MP: 6/6
  1771 | D:4      | Noticed M4edhros's ghost (amateur OpAr)
  1850 | D:5      | Entered Level 5 of the Dungeon
  1850 | D:5      | Noticed an ogre
  1948 | D:5      | Killed an ogre
  1948 | D:5      | Reached skill level 7 in Stealth
  1948 | D:5      | Reached XP level 5. HP: 27/33 MP: 7/7
  1982 | D:5      | Mangled by an orc wizard

Vault maps used:
D:1:      lightli_arrival_lavapool
D:2:      old_standard_altar, overflow_temple_1_default, first_bread
D:3:      grunt_ministairs_7
D:4:      kennysheep_big_flooded_room, lemuel_doored_altar,
          eat_drink_and_be_merry_uskayaw, kennysheep_little_box,
          nicolae_ru_path_of_blood, corexii_corridor_pit

Skill      XL: |  1  2  3  4 |
---------------+-------------+-----
Stealth        | 2 4 5 7 |  7.2
Fighting       | |  1.0
Short Blades   | |  1.0
Dodging        | |  2.0
Evocations     | |  3.2

Action                   |  1- 3 |  4- 6 || total
-------------------------+-------+-------++-------
Melee: Whip              |    21 |       ||    21
       Constrict         |    12 |     4 ||    16
       Tentacles         |     5 |     2 ||     7
       Short sword       |    25 |     7 ||    32
       War axe           |     3 |     2 ||     5
Evoke: Wand              |     1 |     6 ||     7
  Use: Scroll            |     2 |       ||     2
       Potion            |       |     1 ||     1
 Stab: Sleeping          |     9 |     1 ||    10
       Distracted        |       |     1 ||     1
  Eat: Royal jelly       |     1 |       ||     1
       Chunk             |       |     1 ||     1
Armor: Skin              |     7 |     2 ||     9
Dodge: Dodged            |    38 |     5 ||    43
